 Dungeon Crawl Stone Soup version 0.25-a0-1133-g93ebf739aa (webtiles) character file.

Game seed: 10162225898650401695, levelgen mode: deterministic

1355 vurker the Charlatan (level 8, 8/54 HPs)
             Began as a Human Artificer on May 20, 2020.
             Was a Follower of Hepliaklqana.
             Quit the game on level 6 of the Dungeon.
             The game lasted 00:12:04 (7862 turns).

vurker the Charlatan (Human Artificer)              Turns: 7862, Time: 00:12:04

Health: 8/54       AC: 16    Str: 15    XL:     8   Next: 95%
Magic:  4/4        EV:  6    Int: 12    God:    Hepliaklqana [*.....]
Gold:   319        SH:  4    Dex: 13    Spells: 7/7 levels left

rFire    . . .     SeeInvis .   g - +1 dagger (antimagic)
rCold    . . .     Gourm    .   w - +0 buckler
rNeg     . . .     Faith    .   D - +0 plate armour
rPois    .         Spirit   .   q - +0 helmet (curse)
rElec    .         Reflect  .   (no cloak)
rCorr    .         Harm     .   a - +1 pair of gloves
MR       .....                  r - +0 pair of boots (curse)
Stlth    ..........             (no amulet)
HPRegen  0.18/turn              (no ring)
MPRegen  0.09/turn              (no ring)

@: no status effects
A: reduced essence
a: Recall Ancestor, Ancestor Identity, Renounce Religion


You were on level 6 of the Dungeon.
You worshipped Hepliaklqana.
Hepliaklqana was aware of your devotion.
You were not hungry.

You visited 1 branch of the dungeon, and saw 6 of its levels.

You collected 319 gold pieces.

Inventory:

Hand Weapons
 g - a +1 antimagic dagger (weapon)
   (You found it on level 1 of the Dungeon)
Armour
 a - a +1 pair of gloves (worn)
   (You found it on level 5 of the Dungeon)
 q - a cursed +0 helmet (worn)
   (You found it on level 2 of the Dungeon)
 r - a cursed +0 pair of boots (worn)
   (You found it on level 2 of the Dungeon)
 w - a +0 buckler (worn)
   (You found it on level 4 of the Dungeon)
 D - a +0 plate armour (worn)
   (You found it on level 5 of the Dungeon)
Wands
 d - a wand of enslavement (7)
Scrolls
 h - 5 scrolls of amnesia {unknown}
 j - 9 scrolls of identify
 k - a scroll of blinking {unknown}
 l - 2 scrolls of magic mapping {unknown}
 m - 2 scrolls of teleportation {unknown}
 n - a scroll of fog {unknown}
 o - 3 scrolls of remove curse {unknown}
 p - 5 scrolls of fear {unknown}
 s - 2 scrolls of enchant armour {unknown}
 u - 2 scrolls of enchant weapon {unknown}
 y - a scroll of noise {unknown}
 z - a scroll of immolation {unknown}
 C - a scroll of random uselessness {unknown}
 E - a scroll of vulnerability {unknown}
 F - a scroll of summoning {unknown}
 G - a scroll of silence {unknown}
Potions
 b - a potion of might {unknown}
 c - a potion of degeneration
 f - a potion of mutation {unknown}
 i - a potion of flight {unknown}
 v - a potion of magic {unknown}
 x - a potion of lignification {unknown}
 A - a potion of heal wounds {unknown}
 B - a potion of curing {unknown}
Comestibles
 e - 5 rations
 t - 2 chunks of flesh


   Skills:
 + Level 4.5 Fighting
 - Level 1.0 Short Blades
 + Level 4.5 Armour
 + Level 4.9 Dodging
 - Level 1.0 Stealth
 + Level 2.8 Shields
 + Level 3.0 Invocations
 + Level 5.5 Evocations


You had 7 spell levels left.
You didn't know any spells.
Your spell library was empty.

Dungeon Overview and Level Annotations

Branches:
Dungeon (6/15)             Temple (0/1) D:5

Altars:
Cheibriados
Fedhas
Hepliaklqana
Makhleb
Nemelex Xobeh
Sif Muna
Trog
Vehumet
Xom
The Shining One

Annotations:
D:5 exclusion: door
D:6 Grinder


Message History

Your plate armour prevents you from hitting the orc warrior.
Appius misses the orc warrior.
The orc warrior hits you but does no damage.
You hit the orc warrior but do no damage.
Appius hits the orc warrior but does no damage.
You hit the orc warrior but do no damage.
You block the orc warrior's attack.
Appius hits the orc warrior.
You closely miss the orc warrior.
The orc warrior hits you with a +0 flail!
* * * LOW HITPOINT WARNING * * *
Appius hits the orc warrior but does no damage.
Appius hits the orc warrior.
The teleport trap disappears.
The orc warrior disappears!
The orc warrior is too close now for your liking.
What are your orders? t - Shout!
Orders for allies: a - Attack new target. p - Attack previous target. r - Retreat! s - Stop attacking. g - Guard the area. f - Follow me.
Anything else - Cancel.
Gang up on whom?
Aim: an orc warrior, wielding a +0 flail and wearing a +0 chain mail (severely wounded) Attack!
Appius closely misses the orc warrior.
Appius hits the orc warrior.
You see here a bullfrog skeleton.
An orc priest comes into view. It is wielding a +0 mace.
The orc priest shouts!
You hear a shout!
The orc priest begins to cast a cantrip, but forgets the words!
An orc and an orc warrior come into view.
The orc warrior shouts!
The orc shouts!
An orc comes into view. It is wielding a +0 short sword.
The orc shouts!
You hear a shout! x2
The orc priest miscasts a cantrip.
A bullfrog comes into view.
The bullfrog croaks.
You hear a shout!
An orc wizard comes into view. It is wielding a +0 club.
The orc warrior shouts!
The orc wizard casts a spell.
The orc wizard seems to speed up.
The bullfrog hits you.
* * * LOW HITPOINT WARNING * * *
As you read the scroll labeled KEKHESHIM, it crumbles to dust.
It is a scroll of identify.
c - a potion of degeneration The bullfrog hits you but does no damage.
Grinder comes into view.
Appius barely misses the orc warrior.
The orc warrior hits you with a +0 hand axe!
* * * LOW HITPOINT WARNING

* * * ######.##### ....
.......#...# .....
...........####
......#########
...........+...
.>....'......oo
.....R#....##o#
......#########
......##.####o# ##...
#.....##.# #.# #.. .
#.....##.## #.######..5.
#.....##..# #ooo@F.oo...
#########.###R######....
#(.##.# . ##.##R# #..#.#
##.#.# #)#.# #...# ##..#


You could see the friendly Appius the ancestor, Grinder, 3 orc warriors, a
bullfrog, an orc wizard (fast) and an orc.

Vanquished Creatures
  A hungry ghost (D:3)
  A sky beast (D:3)
  A centaur (D:6)
  2 scorpions
  A centaur skeleton (D:4)
  A bullfrog skeleton (D:4)
  An iguana (D:6)
  A worker ant (D:4)
  A hound zombie (D:6)
  6 adders
  2 shadow imps (D:5)
  An adder zombie (D:5)
  An adder skeleton (D:6)
  2 worms
  6 leopard geckos
  11 orcs
  A ball python (D:2)
  7 bats
  3 giant cockroaches
  5 goblins
  8 hobgoblins
  8 jackals
  3 kobolds
  2 quokkas (D:3)
  5 frilled lizards
  2 hobgoblin zombies (D:4)
  2 orc skeletons (D:4)
  2 orc zombies (D:4)
  5 rats
92 creatures vanquished.

Vanquished Creatures (collateral kills)
  Sigmund (D:5)
  A centaur (D:5)
  2 ogres (D:5)
  A bullfrog (D:6)
  A crimson imp (D:4)
  An orc priest (D:6)
  A hound (D:5)
  An orc wizard (D:5)
  A worker ant (D:5)
  A hound skeleton (D:4)
  An adder (D:5)
  A shadow imp (D:5)
  6 orcs
  A goblin skeleton (D:4)
  A hobgoblin zombie (D:4)
  3 kobold skeletons (D:4)
  2 orc zombies (D:4)
26 creatures vanquished.

Vanquished Creatures (others)
  An orc wizard (D:4)
  3 ancestors
  6 plants (D:6)
10 creatures vanquished.

Grand Total: 128 creatures vanquished

Notes
Turn   | Place    | Note
-------+----------+-------------------------------------------
     0 | D:1      | vurker the Human Artificer began the quest for the Orb.
     0 | D:1      | Reached XP level 1. HP: 15/15 MP: 3/3
   226 | D:1      | Reached XP level 2. HP: 8/21 MP: 4/4
  1327 | D:2      | Reached skill level 1 in Armour
  1332 | D:2      | Reached XP level 3. HP: 23/26 MP: 1/5
  2458 | D:3      | Reached XP level 4. HP: 28/33 MP: 2/6
  2755 | D:3      | Noticed a hungry ghost
  2821 | D:3      | Killed a hungry ghost
  2821 | D:3      | Reached skill level 4 in Evocations
  2821 | D:3      | Reached XP level 5. HP: 22/40 MP: 2/8
  2821 | D:3      | Reached XP level 6. HP: 25/46 MP: 3/9
  3454 | D:3      | Noticed a sky beast
  3467 | D:3      | Killed a sky beast
  3618 | D:3      | HP: 2/47 [poisoned by a kobold]
  3626 | D:3      | HP: 1/47 [poisoned by a kobold]
  4371 | D:4      | Reached XP level 7. HP: 30/52 MP: 3/10
  5007 | D:4      | Found a hazy altar of Hepliaklqana.
  5072 | D:4      | Became a worshipper of Hepliaklqana the Forgotten
  5204 | D:4      | Found a glowing golden altar of the Shining One.
  5250 | D:4      | Reached skill level 1 in Shields
  5492 | D:4      | Found a burning altar of Makhleb.
  5516 | D:5      | Entered Level 5 of the Dungeon
  5537 | D:5      | Reached skill level 1 in Invocations
  6071 | D:5      | Found a snail-covered altar of Cheibriados.
  6160 | D:5      | Found a staircase to the Ecumenical Temple.
  6169 | D:5      | Reached XP level 8. HP: 50/54 MP: 3/11
  6233 | D:5      | Reached skill level 5 in Evocations
  6502 | D:5      | Noticed Sigmund
  6517 | D:5      | Killed Sigmund
  6547 | D:5      | Reached * piety under Hepliaklqana
  6560 | D:5      | Found a sparkling altar of Nemelex Xobeh.
  7332 | D:6      | Found a bloodstained altar of Trog.
  7333 | D:6      | Found a radiant altar of Vehumet.
  7333 | D:6      | Found a shimmering blue altar of Sif Muna.
  7368 | D:6      | Found a blossoming altar of Fedhas.
  7393 | D:6      | Found a shimmering altar of Xom.
  7861 | D:6      | Noticed Grinder
  7862 | D:6      | Quit the game

Illustrated notes

Levels and vault maps discovered:
D:1:      dpeg_arrival_shelter, layout_basic, minmay_misc_feat_encased,
          chequers_serial_rivers_micro_c
D:2:      layout_basic
D:3:      layout_basic
D:4:      layout_rooms, kennysheep_mini, lemuel_doored_altar,
          nicolae_tso_besieged_by_evil
D:5:      layout_gridville, cheibrodos_worm_habitat,
          nemelex_xobeh_ov_fountains_minmay, temple_pool_b, first_ration,
          uniq_sigmund
D:6:      layout_basic, xom_teletrap_fun,
          chequers_temple_overflow_statue_of_worship,
          fedhas_altar_decomposition, uniq_pikel, uniq_grinder

Skill      XL: |  1  2  3  4  5  6  7  8 |
---------------+-------------------------+-----
Armour         | 1 2 3 4 |  4.5
Fighting       | 2 3 4 |  4.5
Dodging        | 3 4 |  4.9
Evocations     | 4 5 |  5.5
Shields        | 1 2 |  2.8
Invocations    | 1 3 |  3.0
Short Blades   | |  1.0
Stealth        | |  1.0

Action                   |  1- 3 |  4- 6 |  7- 9 || total
-------------------------+-------+-------+-------++-------
Melee: Short sword       |    39 |       |       ||    39
       Dagger            |   125 |   244 |   353 ||   722
Evoke: Wand              |     2 |    13 |    23 ||    38
  Use: Scroll            |       |       |     1 ||     1
 Stab: Confused          |       |     2 |       ||     2
       Distracted        |       |       |     1 ||     1
  Eat: Chunk             |     3 |     7 |     7 ||    17
       Ration            |     1 |     4 |     1 ||     6
Armor: Leather armour    |    22 |       |       ||    22
       Scale mail        |    22 |   118 |   104 ||   244
       Plate armour      |       |       |    66 ||    66
Dodge: Dodged            |    79 |   165 |   129 ||   373
Block: Buckler           |       |       |    73 ||    73

Table legend:
 A = Non-vault XP
 B = Vault XP
 C = Vault XP percentage of total XP
 D = Non-vault monster count
 E = Vault monster count
 F = Vault count percentage of total count
                 A         B        C        D         E       F
            +---------+---------+-------+---------+---------+-------
      Total |    1647 |     290 |  15.0 |     103 |      15 |  12.7
            +---------+---------+-------+---------+---------+-------
        D:1 |      25 |       0 |   0.0 |      16 |       0 |   0.0
        D:2 |      17 |       0 |   0.0 |       7 |       0 |   0.0
        D:3 |     415 |       0 |   0.0 |      30 |       0 |   0.0
        D:4 |     276 |      59 |  17.6 |      20 |      14 |  41.2
        D:5 |     529 |     231 |  30.4 |      15 |       1 |   6.2
        D:6 |     385 |       0 |   0.0 |      15 |       0 |   0.0
            +---------+---------+-------+---------+---------+-------
